 Dungeon Crawl Stone Soup version 0.30-a0-802-gb92711bcdf (webtiles) character file.

Game seed: 17534113369747020996

46 Pimp the Trooper (level 3, 0/33 HPs)
             Began as a Minotaur Fighter on Feb 24, 2023.
             Slain by an orc wizard
             ... wielding a +0 dagger
              (2 damage)
             ... on level 3 of the Dungeon.
             The game lasted 00:02:08 (1413 turns).

Pimp the Trooper (Minotaur Fighter)                 Turns: 1413, Time: 00:02:09

Health: 0/33       AC:  8    Str: 22    XL:     3   Next: 44%
Magic:  2/2        EV:  9    Int:  5    God:
Gold:   101        SH:  4    Dex:  9    Spells: 2/2 levels left

rFire   . . .      SeeInvis .    a - +0 long sword
rCold   . . .      Faith    .    c - +0 buckler
rNeg    . . .      Spirit   .    b - +0 scale mail
rPois   .          Reflect  .    (helmet restricted)
rElec   .          Harm     .    (no cloak)
rCorr   .          Rampage  .    f - +0 pair of gloves
Will    .....                    (no boots) Stlth
                                 (no amulet)
HPRegen 0.25/turn                (no ring)
MPRegen 0.08/turn                (no ring)

@: no status effects
A: horns 2, retaliatory headbutt
a: no special abilities


You were on level 3 of the Dungeon.
You visited 1 branch of the dungeon, and saw 3 of its levels.

You collected 101 gold pieces.

Inventory:

Hand Weapons
 a - a +0 long sword (weapon)
Missiles
 g - 6 silver javelins (quivered)
 m - 6 poisoned darts
Armour
 b - a +0 scale mail (worn)
 c - a +0 buckler (worn)
 f - a +0 pair of gloves (worn)
Jewellery
 e - a ring of fire
 h - an amulet of magic regeneration
Scrolls
 j - a scroll of blinking {unknown}
 k - a scroll of identify {unknown}
Potions
 d - a potion of might
 l - a potion of curing {unknown}


   Skills:
 + Level 4.2 Fighting
 + Level 3.1 Long Blades
 + Level 4.1 Armour
 + Level 4.1 Shields


You had 2 spell levels left.
You didn't know any spells.
Your spell library was empty.

Dungeon Overview and Level Annotations

Branches:
Dungeon (3/15)

Altars:


Innate Abilities, Weirdness & Mutations

You have a pair of horns on your head.
You reflexively headbutt those who attack you in melee.


Message History

You hit the orc wizard.
The orc wizard is heavily wounded.
The orc barely misses you.
The orc wizard hits you but does no damage.
The orc hits you but does no damage. The orc closely misses you.
The orc wizard mumbles some strange words.
The orc wizard flickers and vanishes!
Deactivating autopickup; reactivate with Ctrl-A.
The orc hits you but does no damage.
You barely miss something. Your headbutt misses something.
You block the orc's attack. Something hits you but does no damage.
The orc hits you with a +0 short sword.
You closely miss something. The orc hits you but does no damage.
You hear some strange, mumbled words.
Something tries to affect you, but you resist.
You block the orc's attack.
You closely miss something. The orc barely misses you.
Something hits you but does no damage. You block the orc's attack.
The orc hits you with a +0 short sword. Something hits you.
The orc hits you but does no damage.
You miss something. You block the orc's attack. Something hits you.
The orc closely misses you.
You barely miss something. You block the orc's attack. Something hits you.
You block the orc's attack. Something hits you but does no damage.
The orc hits you but does no damage. The orc completely misses you.
You barely miss the orc.
You hear some strange, mumbled words.
A magic dart appears from out of thin air!
The magic dart hits you. You block the orc's attack.
The orc hits you from afar with a +0 trident.
* * * LOW HITPOINT WARNING * * *
You hit something. Your headbutt misses something.
The orc hits you from afar with a +0 trident.
* * * LOW HITPOINT WARNING * * *
You block something's attack. The orc barely misses you.
As you read the scroll labelled DYGGEZX HIEFEFIDOH, it crumbles to dust.
It is a scroll of amnesia.
You feel forgetful for a moment. The orc hits you but does no damage.
Something hits you.
You die...

####...............
..................#
####.#...##.......#
#.....##.......#
....#..##........#
###.....##.#......
#.#..# #<.....##
#.#..###$###...# #
#..#{@...#.#..
#o##### ###


.Bo ...$K ....... ....... ....... ....... You could see 2 orcs, a giant
cockroach and a kobold.

Vanquished Creatures
  A worm (D:2)
  2 dart slugs
  4 endoplasms
  2 giant cockroaches (D:2)
  2 goblins (D:2)
  9 hobgoblins
  A quokka (D:2)
  4 ball pythons
  3 bats
  2 frilled lizards
  A kobold (D:2)
  6 rats
37 creatures vanquished.

Notes
Turn   | Place    | Note
-------+----------+-------------------------------------------
     0 | D:1      | Pimp the Minotaur Fighter began the quest for the Orb.
     0 | D:1      | Reached XP level 1. HP: 19/19 MP: 0/0
   254 | D:1      | Reached XP level 2. HP: 27/27 MP: 1/1
   747 | D:2      | Reached XP level 3. HP: 33/33 MP: 2/2
  1206 | D:2      | Identified the +3 war axe of Wealth {flame, rPois}
  1413 | D:3      | Slain by an orc wizard

Illustrated notes

Levels and vault maps discovered:
D:1:      wander_arrival_estate, layout_basic, minmay_misc_feat_columns
D:2:      layout_basic
D:3:      layout_basic, nicolae_ru_awakened_eye, kennysheep_generic_room_2

Skill      XL: |  1  2 |
---------------+-------+-----
Shields        | 4 |  4.1
Fighting       | 4 |  4.2
Armour         | 4 |  4.1
Long Blades    | 3 |  3.1

Action                     || total
---------------------------++-------
  Melee: Long sword        ||    81
         Headbutt          ||    15
    Use: Scroll            ||     1
 Armour: Scale mail        ||    54
  Dodge: Dodged            ||    56
  Block: Buckler           ||    22

Table legend: (Time is in decaauts)
 A = Elapsed time spent in this place.
 B = Non-inter-level travel time spent in this place.
 C = Inter-level travel time spent in this place.
 D = Time resting spent in this place.
 E = Time spent auto-exploring this place.
 F = Levels seen in this place.
 G = Mean time per level.
                   A        B        C        D        E       F      G
               +--------+--------+--------+--------+--------+-----+--------+
         Total |   1436 |   1354 |     82 |     20 |    986 |   3 |  478.7 |
       Dungeon |   1436 |   1354 |     82 |     20 |    986 |   3 |  478.7 |
               +--------+--------+--------+--------+--------+-----+--------+

Top non-repeatable levels by time:
     D:2: 871 daAuts
     D:1: 526 daAuts
     D:3: 38 daAuts
